% Time on Ice - COLORADO GLACIERCATS
Lines # - Real PCT - Wanted PCT - Time Play
Normal Forward
1 - 30% - 35% - 16:00
2 - 33% - 35% - 17:55
3 - 27% - 26% - 14:37
4 - 10% - 4% - 5:12
Normal Defense
1 - 37% - 40% - 20:01
2 - 34% - 36% - 18:19
3 - 27% - 20% - 14:46
4 - 1% - 4% - 0:38
PP Forward
1 - 53% - 50% - 2:06
2 - 47% - 50% - 1:52
PP Defense
1 - 53% - 55% - 2:06
2 - 47% - 45% - 1:52
PK Forward
1 - 65% - 50% - 1:17
2 - 35% - 50% - 0:42
PK Defense
1 - 42% - 50% - 0:50
2 - 58% - 50% - 1:09
PK3 Forward
1 - 0% - 50%
2 - 0% - 50%
PK3 Defense
1 - 0% - 50%
2 - 0% - 50%
44 Forward
1 - 0% - 50%
2 - 0% - 50%
44 Defense
1 - 0% - 45%
2 - 0% - 55%
Last Minute Offensive  - 0:00
Last Minute Defensive  - 0:19
Total
Forward - 60:00
Defense - 60:00
% Time on Ice - EDMONTON ICE
Lines # - Real PCT - Wanted PCT - Time Play
Normal Forward
1 - 37% - 36% - 19:56
2 - 33% - 33% - 17:46
3 - 24% - 24% - 12:52
4 - 5% - 7% - 2:54
Normal Defense
1 - 37% - 37% - 19:55
2 - 30% - 32% - 15:48
3 - 28% - 23% - 15:11
4 - 5% - 8% - 2:34
PP Forward
1 - 65% - 60% - 1:17
2 - 35% - 40% - 0:42
PP Defense
1 - 35% - 60% - 0:42
2 - 65% - 40% - 1:17
PK Forward
1 - 84% - 60% - 3:20
2 - 16% - 40% - 0:38
PK Defense
1 - 45% - 60% - 1:46
2 - 55% - 40% - 2:12
PK3 Forward
1 - 0% - 55%
2 - 0% - 45%
PK3 Defense
1 - 0% - 55%
2 - 0% - 45%
44 Forward
1 - 0% - 55%
2 - 0% - 45%
44 Defense
1 - 0% - 55%
2 - 0% - 45%
Last Minute Offensive  - 0:35
Last Minute Defensive  - 0:00
Total
Forward - 60:00
Defense - 60:00
Play-by-Play 1st period 0:01 of 1st period - Anze Kopitar wins face-off versus Jack Eichel in neutral zone. 0:19 of 1st period - Icing by Shea Theodore. 0:20 of 1st period - Leon Draisaitl wins face-off versus Jack Eichel in EDMONTON ICE zone. 0:43 of 1st period - Icing by Trevor Moore. 0:44 of 1st period - Leon Draisaitl wins face-off versus Thomas Novak in COLORADO GLACIERCATS zone. 2:15 of 1st period - Icing by Zach Whitecloud. 2:16 of 1st period - Alexander Wennberg wins face-off versus Dawson Mercer in EDMONTON ICE zone. 2:39 of 1st period - Shea Theodore is hit by Cole Perfetti and loses puck. 2:45 of 1st period - Bryan Rust is hit by Shea Theodore and loses puck. 2:50 of 1st period - Shot by Kristopher Letang. 2:50 of 1st period - Stopped by Vitek Vanecek with a rebound. 3:21 of 1st period - Tage Thompson is hit by Michael Matheson and loses puck. 3:27 of 1st period - Tage Thompson is hit by Shea Theodore. 4:27 of 1st period - Shot by Tage Thompson. 4:27 of 1st period - Shot Blocked by Jordan Spence. 4:50 of 1st period - Icing by Scott Laughton. 4:51 of 1st period - Thomas Novak wins face-off versus Leon Draisaitl in EDMONTON ICE zone. 5:03 of 1st period - Icing by Leon Draisaitl. 5:04 of 1st period - Leon Draisaitl wins face-off versus Anton Lundell in COLORADO GLACIERCATS zone. 5:09 of 1st period - Shot by Tomas Hertl. 5:09 of 1st period - Deflect By Trevor Moore. 5:09 of 1st period - Stopped by Vitek Vanecek without a rebound. 5:10 of 1st period - Alexander Wennberg wins face-off versus Dawson Mercer in EDMONTON ICE zone. 5:20 of 1st period - Icing by Michael Matheson. 5:21 of 1st period - Dawson Mercer wins face-off versus Trevor Moore in EDMONTON ICE zone. 6:57 of 1st period - Shot by Jack Eichel. 6:57 of 1st period - Shot Blocked by Mario Ferraro. 7:49 of 1st period - Shot by Scott Laughton. 7:49 of 1st period - Shot Misses the Net. 8:50 of 1st period - Shot by Alex Tuch. 8:50 of 1st period - Shot Blocked by Bryan Rust. 8:52 of 1st period - Shot by Zach Whitecloud. 8:52 of 1st period - Goal by Zach Whitecloud - COLORADO GLACIERCATS : 0 - EDMONTON ICE : 1. 8:53 of 1st period - Leon Draisaitl wins face-off versus Jack Eichel in neutral zone. 9:13 of 1st period - Off-side. 9:14 of 1st period - Alexander Wennberg wins face-off versus Thomas Novak in neutral zone. 9:21 of 1st period - Shot by Bryan Rust. 9:21 of 1st period - Shot Misses the Net. 9:51 of 1st period - Alexander Wennberg is hit by Zach Whitecloud and loses puck. 9:55 of 1st period - Icing by Zach Whitecloud. 9:56 of 1st period - Leon Draisaitl wins face-off versus Thomas Novak in EDMONTON ICE zone. 10:29 of 1st period - Shot by Tomas Hertl. 10:29 of 1st period - Shot Misses the Net. 10:37 of 1st period - Shot by Kristopher Letang. 10:37 of 1st period - Shot Misses the Net. 11:01 of 1st period - Nino Niederreiter is hit by Ryan Graves and loses puck. 11:19 of 1st period - Nino Niederreiter is hit by Jordan Spence and loses puck. 11:30 of 1st period - Shot by Tage Thompson. 11:30 of 1st period - Shot Blocked by Ryan Graves. 11:32 of 1st period - Shot by Nino Niederreiter. 11:32 of 1st period - Stopped by Vitek Vanecek without a rebound. 11:33 of 1st period - Alexander Wennberg wins face-off versus Dawson Mercer in EDMONTON ICE zone. 11:36 of 1st period - Shot by Alexander Wennberg. 11:36 of 1st period - Goal by Alexander Wennberg - COLORADO GLACIERCATS : 1 - EDMONTON ICE : 1. 11:37 of 1st period - Evgeny Dadonov wins face-off versus Alexander Wennberg in neutral zone. 11:41 of 1st period - Off-side. 11:42 of 1st period - Alexander Wennberg wins face-off versus Dawson Mercer in neutral zone. 11:59 of 1st period - Off-side. 12:00 of 1st period - Anze Kopitar wins face-off versus Thomas Novak in neutral zone. 12:16 of 1st period - Shot by Tage Thompson. 12:16 of 1st period - Stopped by Vitek Vanecek without a rebound. 12:17 of 1st period - Dawson Mercer wins face-off versus Bryan Rust in EDMONTON ICE zone. 12:31 of 1st period - Off-side. 12:32 of 1st period - Anze Kopitar wins face-off versus Jack Eichel in neutral zone. 12:53 of 1st period - Alex Tuch is hit by Vince Dunn. 13:09 of 1st period - Shot by Alex Tuch. 13:09 of 1st period - Stopped by Andrei Vasilevskiy without a rebound. 13:10 of 1st period - Alexander Wennberg wins face-off versus Dawson Mercer in COLORADO GLACIERCATS zone. 13:21 of 1st period - Shot by Alexander Wennberg. 13:21 of 1st period - Stopped by Vitek Vanecek without a rebound. 13:22 of 1st period - Thomas Novak wins face-off versus Leon Draisaitl in EDMONTON ICE zone. 13:24 of 1st period - Icing by Gustav Nyquist. 13:25 of 1st period - Alexander Wennberg wins face-off versus Thomas Novak in EDMONTON ICE zone. 13:33 of 1st period - Icing by Gustav Nyquist. 13:34 of 1st period - Thomas Novak wins face-off versus Anze Kopitar in EDMONTON ICE zone. 13:34 of 1st period - Thomas Novak is hit by Jamie Benn. 13:55 of 1st period - Shot by Tage Thompson. 13:55 of 1st period - Deflect By Jamie Benn. 13:55 of 1st period - Shot Misses the Net. 13:57 of 1st period - Shot by Jamie Benn. 13:57 of 1st period - Shot Misses the Net. 13:59 of 1st period - Shot by Anze Kopitar. 13:59 of 1st period - Stopped by Vitek Vanecek without a rebound. 14:00 of 1st period - Alexander Wennberg wins face-off versus Dawson Mercer in EDMONTON ICE zone. 14:24 of 1st period - Icing by Alexander Wennberg. 14:25 of 1st period - Jack Eichel wins face-off versus Alexander Wennberg in COLORADO GLACIERCATS zone. 14:28 of 1st period - Shot by Alex Tuch. 14:28 of 1st period - Shot Blocked by Alexander Wennberg. 14:36 of 1st period - Shot by Alexander Wennberg. 14:36 of 1st period - Shot Misses the Net. 14:38 of 1st period - Shot by Alexander Wennberg. 14:38 of 1st period - Stopped by Vitek Vanecek without a rebound. 14:38 of 1st period - Minor Penalty to Vitek Vanecek for Delaying the game. 14:39 of 1st period - Leon Draisaitl wins face-off versus Anton Lundell in EDMONTON ICE zone. 16:18 of 1st period - Shot by Jamie Benn. 16:18 of 1st period - Shot Misses the Net. 17:41 of 1st period - Shot by Scott Laughton. 17:41 of 1st period - Shot Misses the Net. 17:54 of 1st period - Shot by Gustav Nyquist. 17:54 of 1st period - Deflect By Scott Laughton. 17:54 of 1st period - Shot Misses the Net. 18:17 of 1st period - Icing by Zach Whitecloud. 18:18 of 1st period - Leon Draisaitl wins face-off versus Dawson Mercer in EDMONTON ICE zone. 18:20 of 1st period - Trevor Moore is hit by Zach Whitecloud and loses puck. 18:49 of 1st period - Shot by Tomas Hertl. 18:49